[ AOE2 MATCH · #506760709 ]
UnrankedLithuanians vs Lithuanians
[ REPLAY ANALYSIS · EXTRACTED FROM THE RECORDED GAME ]
Feudal
9:47
Castle
28:05
Imperial
43:14
| APM avg | 21.7 |
| APM peak | 49 |
| eAPM avg | 13.2 |
| Villagers / military | 110 / 128 |
Focus
⚔️ 36.9% · 🌾 63.1%
Spearman ×74 · Knight ×22 · Monk ×8 · Archer ×8 · Militia ×5 · Trebuchet (Packed) ×5
Feudal
10:09
Castle
24:43
Imperial
47:54
| APM avg | 41.7 |
| APM peak | 71 |
| eAPM avg | 21.8 |
| Villagers / military | 122 / 123 |
Focus
⚔️ 29.1% · 🌾 70.9%
Knight ×69 · Scout Cavalry ×19 · Hand Cannoneer ×17 · Monk ×5 · Trebuchet (Packed) ×5 · Archer ×4
Match map
Initial resources + every placement click. Lines = walls · curves = elevation contours. ◆ gold · ⬟ stone · ● berries · ✦ relic · ◌ wall gap
Your base· Open — unwalled flank
CultKaos's base· Open — unwalled flank
Smoothed initial terrain · ◌ = detected wall gap · hover for details
Inputs per minute
— Kinait - - CultKaos
Build order — Kinait
First 150 of 379 actions detected
| 0:01 | Queue | Villager (Male) |
| 0:01 | Queue | Villager (Male) |
| 0:02 | Queue | Villager (Male) |
| 0:03 | Build | House |
| 0:04 | Build | House |
| 0:07 | Queue | Villager (Male) |
| 0:07 | Queue | Villager (Male) |
| 0:09 | Queue | Villager (Male) |
| 0:09 | Queue | Villager (Male) |
| 1:28 | Queue | Villager (Male) |
| 1:28 | Queue | Villager (Male) |
| 2:06 | Queue | Villager (Male) |
| 2:16 | Queue | Villager (Male) |
| 2:22 | Build | Lumber Camp |
| 2:42 | Build | House |
| 2:48 | Queue | Villager (Male) |
| 3:03 | Queue | Villager (Male) |
| 3:34 | Queue | Villager (Male) |
| 3:53 | Queue | Villager (Male) |
| 4:21 | Build | Mill |
| 4:49 | Queue | Villager (Male) |
| 5:12 | Queue | Villager (Male) |
| 5:47 | Queue | Villager (Male) |
| 6:20 | Build | Barracks |
| 6:30 | Research | Loom |
| 6:34 | Build | House |
| 7:22 | Queue | Militia |
| 7:22 | Queue | Militia |
| 7:37 | Research | Feudal Age |
| 7:52 | Build | Mining Camp |
| 8:21 | Queue | Militia |
| 8:50 | Queue | Militia |
| 8:55 | Build | House |
| 9:25 | Queue | Militia |
| 9:47 | Age | Feudal Age |
| 9:58 | Queue | Villager (Male) |
| 10:04 | Build | Mining Camp |
| 10:32 | Build | Watch Tower |
| 10:36 | Queue | Villager (Male) |
| 10:42 | Research | Man-at-Arms (upgrade) |
| 10:49 | Queue | Villager (Male) |
| 10:53 | Build | Blacksmith |
| 11:15 | Queue | Villager (Male) |
| 11:39 | Queue | Villager (Male) |
| 11:58 | Build | Watch Tower |
| 12:00 | Queue | Villager (Male) |
| 12:07 | Build | House |
| 12:13 | Build | Palisade Wall |
| 13:03 | Research | Fletching |
| 13:18 | Build | Palisade Wall |
| 13:24 | Build | House |
| 13:27 | Build | Palisade Wall |
| 13:34 | Build | Watch Tower |
| 13:44 | Queue | Villager (Male) |
| 13:44 | Queue | Spearman |
| 13:53 | Build | Palisade Wall |
| 14:45 | Queue | Villager (Male) |
| 14:52 | Research | Scale Mail Armor |
| 15:09 | Queue | Villager (Male) |
| 15:27 | Build | Farm |
| 15:28 | Build | Farm |
| 15:31 | Build | Farm |
| 15:32 | Build | Farm |
| 15:35 | Build | Farm |
| 15:36 | Build | Farm |
| 15:40 | Build | Palisade Wall |
| 16:02 | Build | Palisade Wall |
| 16:03 | Build | Palisade Wall |
| 16:05 | Build | Palisade Wall |
| 16:17 | Build | Farm |
| 16:27 | Build | Archery Range |
| 16:43 | Queue | Villager (Male) |
| 17:05 | Queue | Archer |
| 17:08 | Queue | Villager (Male) |
| 17:28 | Queue | Spearman |
| 17:37 | Build | Farm |
| 17:39 | Queue | Archer |
| 17:44 | Build | Watch Tower |
| 17:48 | Queue | Villager (Male) |
| 18:02 | Queue | Archer |
| 18:07 | Build | House |
| 18:23 | Queue | Spearman |
| 18:28 | Build | House |
| 18:39 | Queue | Archer |
| 18:58 | Queue | Archer |
| 19:00 | Queue | Villager (Male) |
| 19:09 | Build | Farm |
| 19:10 | Build | Farm |
| 19:12 | Queue | Villager (Male) |
| 19:36 | Queue | Villager (Male) |
| 19:50 | Build | Watch Tower |
| 20:00 | Queue | Archer |
| 20:40 | Build | Watch Tower |
| 20:46 | Queue | Archer |
| 21:10 | Queue | Villager (Male) |
| 21:13 | Research | Forging |
| 21:19 | Build | House |
| 21:19 | Build | House |
| 21:38 | Queue | Villager (Male) |
| 21:41 | Build | Farm |
| 21:43 | Build | Farm |
| 21:55 | Queue | Villager (Male) |
| 22:17 | Queue | Villager (Male) |
| 22:21 | Build | Farm |
| 22:55 | Build | Watch Tower |
| 22:56 | Queue | Villager (Male) |
| 23:01 | Build | House |
| 23:02 | Build | House |
| 23:25 | Queue | Villager (Male) |
| 23:34 | Build | Palisade Wall |
| 23:48 | Queue | Villager (Male) |
| 23:53 | Build | Farm |
| 23:56 | Build | Farm |
| 24:04 | Queue | Villager (Male) |
| 24:10 | Build | Market |
| 24:36 | Queue | Archer |
| 24:49 | Build | Farm |
| 24:49 | Build | Farm |
| 24:51 | Build | Farm |
| 25:02 | Build | Palisade Wall |
| 25:25 | Research | Castle Age |
| 25:26 | Research | Castle Age |
| 25:31 | Build | Gate |
| 26:19 | Research | Scale Barding Armor |
| 26:30 | Build | Stable |
| 27:21 | Build | Lumber Camp |
| 27:22 | Research | Double-Bit Axe |
| 27:24 | Research | Horse Collar |
| 27:25 | Research | Horse Collar |
| 27:37 | Build | Palisade Wall |
| 28:05 | Age | Castle Age |
| 28:20 | Queue | Villager (Male) |
| 28:33 | Build | Palisade Wall |
| 28:35 | Queue | Villager (Male) |
| 28:48 | Build | Monastery |
| 28:50 | Build | House |
| 29:04 | Queue | Villager (Male) |
| 29:07 | Build | House |
| 29:10 | Research | Chain Barding Armor |
| 29:13 | Build | House |
| 29:18 | Build | House |
| 29:23 | Queue | Villager (Male) |
| 29:28 | Queue | Knight |
| 29:31 | Build | Palisade Wall |
| 29:35 | Queue | Monk |
| 29:53 | Build | Town Center |
| 29:59 | Queue | Knight |
| 30:12 | Queue | Villager (Male) |
| 30:14 | Research | Bodkin Arrow |
| 30:28 | Queue | Spearman |
Build order — CultKaos
First 150 of 479 actions detected
| 0:01 | Queue | Villager (Male) |
| 0:01 | Queue | Villager (Male) ×5 |
| 0:02 | Build | House |
| 0:04 | Build | House |
| 1:35 | Queue | Villager (Male) |
| 2:15 | Queue | Villager (Male) |
| 2:22 | Queue | Villager (Male) |
| 2:35 | Build | Lumber Camp |
| 2:50 | Build | House |
| 2:52 | Build | House |
| 3:26 | Queue | Villager (Male) |
| 3:55 | Queue | Villager (Male) |
| 4:21 | Queue | Villager (Male) |
| 4:33 | Queue | Villager (Male) |
| 4:34 | Queue | Villager (Male) |
| 5:21 | Queue | Villager (Male) |
| 5:22 | Queue | Villager (Male) |
| 5:48 | Build | Mill |
| 5:51 | Queue | Villager (Male) |
| 5:52 | Queue | Villager (Male) |
| 7:13 | Research | Loom |
| 7:59 | Research | Feudal Age |
| 7:59 | Research | Feudal Age |
| 8:29 | Build | House |
| 8:31 | Build | Barracks |
| 9:04 | Build | Palisade Wall |
| 9:07 | Build | House |
| 9:30 | Build | Palisade Wall |
| 9:31 | Build | Palisade Wall |
| 10:00 | Build | Palisade Wall |
| 10:09 | Age | Feudal Age |
| 10:30 | Queue | Villager (Male) |
| 10:31 | Queue | Villager (Male) |
| 10:35 | Research | Double-Bit Axe |
| 10:40 | Research | Horse Collar |
| 10:46 | Build | Stable |
| 10:52 | Queue | Villager (Male) |
| 11:00 | Build | House |
| 11:08 | Queue | Villager (Male) |
| 11:27 | Build | Lumber Camp |
| 11:28 | Queue | Scout Cavalry |
| 11:28 | Queue | Scout Cavalry |
| 11:35 | Build | Archery Range |
| 11:41 | Build | Palisade Wall |
| 11:50 | Queue | Villager (Male) |
| 12:25 | Queue | Scout Cavalry |
| 12:35 | Queue | Archer |
| 12:45 | Build | Mining Camp |
| 13:04 | Build | Watch Tower |
| 13:12 | Build | House |
| 13:14 | Build | House |
| 13:16 | Research | Wheelbarrow |
| 14:42 | Build | Mining Camp |
| 14:48 | Build | House |
| 14:48 | Build | House |
| 14:53 | Queue | Scout Cavalry |
| 14:57 | Build | House |
| 14:58 | Build | House |
| 15:07 | Build | Mining Camp |
| 15:22 | Queue | Villager (Male) |
| 15:22 | Queue | Villager (Male) |
| 15:27 | Queue | Scout Cavalry |
| 15:45 | Build | Lumber Camp |
| 15:50 | Queue | Archer |
| 15:52 | Queue | Villager (Male) |
| 16:30 | Queue | Archer |
| 16:47 | Build | Blacksmith |
| 16:48 | Build | House |
| 17:09 | Queue | Archer |
| 17:10 | Queue | Villager (Male) |
| 17:19 | Queue | Villager (Male) |
| 17:37 | Build | Farm |
| 17:38 | Build | Farm |
| 17:38 | Build | Farm |
| 17:39 | Build | Farm |
| 17:40 | Build | Farm |
| 17:40 | Build | Farm |
| 17:41 | Build | Farm |
| 17:42 | Build | Farm |
| 17:43 | Build | Farm |
| 18:07 | Build | Farm |
| 18:09 | Build | Farm |
| 18:11 | Build | Farm |
| 18:32 | Build | Farm |
| 18:44 | Queue | Villager (Male) |
| 19:00 | Build | Market |
| 19:30 | Research | Fletching |
| 19:30 | Research | Fletching |
| 20:35 | Build | Farm |
| 20:36 | Build | Farm |
| 20:36 | Build | Farm |
| 20:36 | Build | Farm |
| 20:36 | Build | Farm |
| 20:37 | Build | Farm |
| 20:37 | Build | Farm |
| 20:37 | Build | Farm |
| 20:37 | Build | Farm |
| 20:38 | Build | Farm |
| 22:03 | Research | Castle Age |
| 22:59 | Build | Farm |
| 23:13 | Research | Bloodlines |
| 23:17 | Research | Scale Barding Armor |
| 24:43 | Age | Castle Age |
| 24:47 | Build | Siege Workshop |
| 24:49 | Queue | Knight |
| 24:55 | Build | Monastery |
| 25:05 | Queue | Villager (Male) |
| 25:06 | Queue | Villager (Male) |
| 25:06 | Queue | Villager (Male) |
| 25:30 | Queue | Mangonel |
| 25:48 | Queue | Monk |
| 25:51 | Queue | Knight |
| 25:53 | Queue | Villager (Male) |
| 25:53 | Queue | Villager (Male) |
| 26:01 | Research | Bodkin Arrow |
| 28:42 | Queue | Villager (Male) |
| 28:42 | Queue | Villager (Male) |
| 28:42 | Queue | Villager (Male) |
| 28:42 | Queue | Villager (Male) |
| 28:42 | Queue | Villager (Male) |
| 28:43 | Queue | Villager (Male) |
| 28:43 | Queue | Villager (Male) |
| 28:46 | Queue | Knight |
| 28:50 | Research | Chain Barding Armor |
| 29:00 | Queue | Monk |
| 29:00 | Queue | Monk |
| 29:12 | Queue | Villager (Male) |
| 29:12 | Queue | Villager (Male) |
| 29:13 | Queue | Villager (Male) |
| 29:35 | Queue | Battering Ram |
| 29:36 | Build | Farm |
| 29:37 | Build | Farm |
| 29:40 | Queue | Villager (Male) |
| 29:40 | Queue | Villager (Male) |
| 29:52 | Queue | Monk |
| 30:01 | Queue | Villager (Male) |
| 30:06 | Research | Husbandry |
| 30:17 | Build | Farm |
| 30:19 | Queue | Villager (Male) |
| 30:19 | Queue | Villager (Male) |
| 31:22 | Queue | Villager (Male) |
| 31:29 | Queue | Monk |
| 31:30 | Queue | Knight |
| 31:33 | Build | House |
| 31:34 | Build | House |
| 31:35 | Build | House |
| 32:16 | Queue | Villager (Male) |
| 32:16 | Queue | Villager (Male) |
| 32:45 | Queue | Villager (Male) |
| 33:02 | Queue | Villager (Male) |
Match timeline
| 6:20 | Kinait · first_building Barracks |
| 8:31 | CultKaos · first_building Barracks |
| 9:04 | CultKaos · wall_segment Palisade Wall x4 |
| 9:30 | CultKaos · wall_segment Palisade Wall x1 |
| 9:31 | CultKaos · wall_segment Palisade Wall x1 |
| 9:47 | Kinait · age_up feudal |
| 10:00 | CultKaos · wall_segment Palisade Wall x1 |
| 10:09 | CultKaos · age_up feudal |
| 10:46 | CultKaos · first_building Stable |
| 11:35 | CultKaos · first_building Archery Range |
| 11:41 | CultKaos · wall_segment Palisade Wall x5 |
| 12:13 | Kinait · wall_segment Palisade Wall x3 |
| 13:18 | Kinait · wall_segment Palisade Wall x2 |
| 13:27 | Kinait · wall_segment Palisade Wall x3 |
| 13:53 | Kinait · wall_segment Palisade Wall x2 |
| 15:40 | Kinait · wall_segment Palisade Wall x1 |
| 16:02 | Kinait · wall_segment Palisade Wall x1 |
| 16:03 | Kinait · wall_segment Palisade Wall x1 |
| 16:05 | Kinait · wall_segment Palisade Wall x1 |
| 16:27 | Kinait · first_building Archery Range |
| 21:29 | CultKaos · first_market_buy 100 food |
| 21:32 | CultKaos · first_market_sell 100 stone |
| 23:34 | Kinait · wall_segment Palisade Wall x8 |
| 24:43 | CultKaos · age_up castle |
| 24:47 | CultKaos · first_building Siege Workshop |
| 24:55 | CultKaos · first_building Monastery |
| 25:02 | Kinait · wall_segment Palisade Wall x8 |
| 25:22 | Kinait · first_market_buy 100 food |
| 26:30 | Kinait · first_building Stable |
| 27:37 | Kinait · wall_segment Palisade Wall x10 |
| 28:05 | Kinait · age_up castle |
| 28:33 | Kinait · wall_segment Palisade Wall x7 |
| 28:48 | Kinait · first_building Monastery |
| 29:31 | Kinait · wall_segment Palisade Wall x6 |
| 30:53 | Kinait · wall_segment Palisade Wall x8 |
| 31:24 | Kinait · first_building Siege Workshop |
| 34:06 | Kinait · first_building Castle |
| 36:57 | CultKaos · wall_segment Palisade Wall x9 |
| 37:00 | CultKaos · wall_segment Palisade Wall x10 |
| 39:45 | Kinait · wall_segment Palisade Wall x23 |
| 39:59 | Kinait · first_market_sell 500 wood |
| 40:19 | CultKaos · wall_segment Stone Wall x12 |
| 40:23 | CultKaos · wall_segment Stone Wall x13 |
| 42:15 | CultKaos · first_building Castle |
| 43:14 | Kinait · age_up imperial |
| 43:51 | Kinait · wall_segment Stone Wall x15 |
| 45:05 | Kinait · wall_segment Stone Wall x2 |
| 45:16 | Kinait · wall_segment Stone Wall x12 |
| 45:38 | CultKaos · wall_segment Palisade Wall x7 |
| 45:44 | CultKaos · wall_segment Palisade Wall x1 |
| 46:03 | Kinait · wall_segment Stone Wall x6 |
| 47:51 | Kinait · wall_segment Stone Wall x8 |
| 47:54 | CultKaos · age_up imperial |
| 48:43 | Kinait · wall_segment Stone Wall x20 |
| 54:57 | Kinait · wall_segment Palisade Wall x3 |
| 56:24 | Kinait · wall_segment Stone Wall x6 |
| 56:28 | Kinait · wall_segment Stone Wall x9 |
| 59:19 | Kinait · resign |
[ AI ANALYSIS · 1 CREDIT ]
What really happened in this match?
Wolo.gg analyzes every decision: build order, eco, micro, common mistakes by bracket. Personalized analysis on WhatsApp or Discord in 30 seconds.
Civ guide
Lithuanians
Perfil
Jugador #87898